Map: Paladino Terminal LE

Players

Musumeci - Winner!

  • Race: Zerg Zerg
  • League: Diamond
  • Spawn Location: 9:00

HappyFeet

  • Race: Protoss Protoss
  • League: Diamond
  • Spawn Location: 5:00

VOD

Have the link to the VOD?

Description

Time

  • Played on: March 15, 2017, 5:42 a.m.
  • Length: 12:41
Show
View Real Time Build Order
Export as new Build Order

Musumeci Zerg - Winner!

Build Orders: Pool First, Zergling Baneling 

Get SALT Encoding   

  12  0:11  Drone  
  12  0:12  Drone  
  14  0:18  Extractor  
  14  0:19  Drone  
  15  0:24  Overlord  
  15  0:42  Drone  
  16  0:44  Drone  
  17  0:51  Spawning Pool  
  17  0:53  Extractor  
  15  1:06  Drone x2  
  17  1:27  Hatchery  
  16  1:40  Queen  
  16  1:45  Zergling x2  
  19  1:48  Drone  
  20  1:56  Metabolic Boost  
  20  2:01  Drone  
  20  2:08  Zergling x2  
  22  2:14  Overlord  
  22  2:24  Baneling Nest  
  22  2:27  Zergling x2  
  22  2:32  Zergling x2  
  23  2:56  Zergling x12  
  23  2:57  Zergling x2  
  29  3:15  Baneling x2  
  29  3:17  Baneling  
  29  3:18  Baneling  
  29  3:19  Baneling x2  
  29  3:27  Zergling x8  
  29  3:28  Zergling x2  
  31  3:50  Baneling x2  
  27  4:15  Zergling x12  
  31  4:31  Zergling x2  
  31  4:32  Zergling x2  
  30  4:50  Baneling  
  30  4:55  Baneling x2  
  30  4:58  Zergling x8  
  24  5:32  Zergling x16  
  24  5:33  Zergling x2  
  30  5:42  Queen  
  30  5:53  Drone x2  
  30  5:56  Drone x2  
  30  5:57  Roach Warren  
  33  6:05  Zergling x6  
  33  6:33  Baneling x4  
  32  6:43  Zergling x6  
  29  7:21  Zergling x16  
  35  7:28  Zergling x2  
  34  7:46  Drone x2  
  33  8:01  Roach  
  33  8:02  Overlord  
  33  8:03  Overlord x2  
  35  8:12  Baneling x2  
  35  8:36  Zergling x2  
  35  8:41  Roach  
  35  8:42  Roach x10  
  56  8:55  Baneling x2  
  56  8:56  Baneling  
  56  8:57  Baneling x4, Overlord x3  
  56  8:58  Baneling  
  56  8:59  Baneling x4  
  56  9:18  Roach  
  56  9:19  Roach x2  
  56  9:20  Zergling x12  
  62  9:39  Zergling x2  
  62  9:40  Zergling x8  
  64  9:51  Zergling x12  
  59  10:23  Zergling x12  
  59  10:24  Zergling x8  
  55  10:40  Zergling x2  
  55  10:41  Zergling x6  
  46  10:54  Baneling x4  
  44  11:01  Zergling x12  
  40  11:28  Roach x6  
  40  11:32  Extractor  
  51  11:34  Drone x2, Extractor  
  52  11:47  Baneling x5  
  52  11:49  Roach  
  52  11:53  Drone x2  
  56  12:06  Roach x2  
  59  12:09  Ravager  
  58  12:39  Ravager x3  
Show
View Real Time Build Order
Export as new Build Order

HappyFeet Protoss 

Build Orders:  

Get SALT Encoding   

  12  0:01  Probe (Chrono Boost)  
  13  0:11  Probe (Chrono Boost)  
  14  0:21  Pylon  
  14  0:23  Probe (Chrono Boost)  
  15  0:39  Probe (Chrono Boost)  
  15  0:42  Gateway  
  16  0:47  Assimilator  
  16  0:52  Probe (Chrono Boost)  
  17  1:02  Probe (Chrono Boost)  
  18  1:13  Probe (Chrono Boost)  
  18  1:16  Gateway  
  19  1:23  Probe (Chrono Boost)  
  19  1:34  Probe (Chrono Boost)  
  20  1:43  Cybernetics Core  
  20  1:45  Probe (Chrono Boost)  
  21  1:55  Probe (Chrono Boost)  
  22  2:02  Pylon  
  22  2:06  Probe (Chrono Boost)  
  23  2:13  Nexus  
  23  2:15  Warp Gate  
  23  2:18  Adept  
  25  2:27  Adept  
  27  2:32  Probe (Chrono Boost)  
  30  2:46  Mothership Core (Chrono Boost)  
  30  3:13  Pylon  
  30  3:14  Assimilator  
  30  3:25  Pylon  
  30  3:26  Probe (Chrono Boost)  
  31  3:28  Pylon  
  31  3:32  Probe (Chrono Boost)  
  32  3:38  Probe (Chrono Boost)  
  33  3:43  Probe (Chrono Boost)  
  33  3:48  Adept x2  
  34  3:50  Probe (Chrono Boost)  
  34  3:53  Probe (Chrono Boost)  
  35  4:02  Probe (Chrono Boost)  
  35  4:04  Probe (Chrono Boost)  
  25  4:26  Probe (Chrono Boost)  
  24  4:33  Probe (Chrono Boost)  
  24  4:34  Adept  
  24  4:35  Adept  
  30  4:43  Probe (Chrono Boost)  
  29  4:54  Probe (Chrono Boost)  
  29  4:58  Gateway  
  29  4:59  Gateway  
  30  5:04  Probe (Chrono Boost)  
  25  5:23  Probe (Chrono Boost)  
  24  5:32  Stalker  
  24  5:33  Stalker, Probe (Chrono Boost)  
  28  5:51  Probe (Chrono Boost)  
  28  5:56  Assimilator  
  29  5:59  Assimilator  
  29  6:02  Probe (Chrono Boost)  
  30  6:21  Adept  
  30  6:22  Zealot  
  30  6:23  Zealot x2  
  32  6:34  Probe (Chrono Boost)  
  33  6:44  Zealot x4  
  33  6:45  Probe (Chrono Boost)  
  42  7:11  Pylon  
  42  7:18  Probe (Chrono Boost)  
  37  7:28  Probe (Chrono Boost)  
  38  7:39  Probe (Chrono Boost)  
  38  7:42  Stalker  
  41  7:49  Probe (Chrono Boost)  
  42  7:57  Stalker x2  
  42  8:02  Probe (Chrono Boost)  
  43  8:12  Probe (Chrono Boost)  
  44  8:17  Stalker  
  46  8:23  Probe (Chrono Boost)  
  46  8:24  Pylon  
  41  8:54  Stalker x4  
  49  9:04  Probe (Chrono Boost)  
  50  9:18  Stalker  
  50  9:19  Stalker  
  32  10:03  Stalker x4  
  32  10:05  Probe (Chrono Boost)  
  41  10:16  Probe (Chrono Boost)  
  39  10:35  Stalker x2  
  26  10:58  Pylon  
  26  11:04  Probe (Chrono Boost)  
  27  11:18  Zealot x3  
  30  11:30  Probe (Chrono Boost)  
  31  11:41  Probe (Chrono Boost)  
  31  11:46  Sentry x2  
  36  11:51  Probe (Chrono Boost)  
  36  11:53  Sentry  
  39  12:08  Sentry  
Tags
 
Add a new tag
Caveats
  • Supply blocks, unpowered buildings, or Contaminate may cause inaccurate times.
  • Supply counts are checked every 10 seconds.